 Dungeon Crawl Stone Soup version 0.29-a0-284-gf9362112df (webtiles) character file.

Game seed: 3257400358920992842

46 spaghetti the Magician (level 3, -1/26 HPs)
             Began as a Demigod Fire Elementalist on Mar 29, 2022.
             Succumbed to an orc's poison
             ... on level 2 of the Dungeon.
             The game lasted 00:04:18 (2155 turns).

spaghetti the Magician (Demigod Fire Elementalist)  Turns: 2155, Time: 00:04:19

Health: -1/26      AC:  2    Str:  7    XL:     3   Next: 27%
Magic:  4/10       EV: 12    Int: 27    God:
Gold:   65         SH:  0    Dex: 14    Spells: 7/8 levels left

rFire   . . .      SeeInvis .   (no weapon)
rCold   . . .      Faith    .   (no shield)
rNeg    . . .      Spirit   .   a - +0 robe
rPois   .          Reflect  .   (no helmet)
rElec   .          Harm     .   (no cloak)
rCorr   .          Rampage  .   (no gloves)
Will    .....                   (no boots)
Stlth   ++........              (no amulet)
HPRegen 0.08/turn               l - +6 ring of intelligence
MPRegen 0.12/turn               (no ring)

@: lethally poisoned (-1 -> -26)
A: high MP 1, forlorn, divine attributes, hooves 1, weak 1, wild magic 1
a: no special abilities


You were on level 2 of the Dungeon.
You visited 1 branch of the dungeon, and saw 2 of its levels.

You collected 65 gold pieces.


Innate Abilities, Weirdness & Mutations

You have an increased reservoir of magic. (+10% MP)
You shall have no god before yourself.
Your divine heritage dramatically boosts your attributes as you level up.
You have large cloven feet.
You are weak. (Str -2)
Your spells are a little harder to cast, but a little more powerful.


   Skills:
 - Level 1.7 Dodging
 - Level 1.7 Stealth
 + Level 3.3 Spellcasting
 - Level 0.8 Conjurations
 - Level 2.6 Fire Magic


You had 7 spell levels left.
You knew the following spells:

 Your Spells              Type           Power      Damage    Failure   Level
a - Foxfire               Conj/Fire      72%        2x1d7     7%          1

Your spell library contained the following spells:

 Spells                   Type           Power      Damage    Failure   Level
 Scorch                   Fire           48%        2d7       7%          2
 Static Discharge         Conj/Air       8%         N/A       16%         2
 Conjure Flame            Conj/Fire      18%        6-21      17%         3
 Inner Flame              Hex/Fire       15%        N/A       21%         3
 Flame Wave               Conj/Fire      18%        2d6       47%         4
 Sticky Flame             Conj/Fire      18%        2d4       47%         4
 Dispel Undead            Necr           5%         3d7       71%         4

Inventory:

Hand Weapons
 c - a +0 short sword {short}
   (You took it off a kobold on level 1 of the Dungeon)
 d - a +0 dagger {short}
   (You took it off a goblin on level 1 of the Dungeon)
 e - a +0 club {mace}
   (You took it off a kobold on level 1 of the Dungeon)
 h - a +0 club {mace}
   (You took it off a goblin on level 1 of the Dungeon)
 i - a +0 club {mace}
   (You took it off a goblin on level 1 of the Dungeon)
 m - a +0 mace {mace}
   (You found it on level 1 of the Dungeon)
 n - a +0 dagger {short}
   (You found it on level 1 of the Dungeon)
 o - a +0 dagger {short}
   (You took it off a goblin on level 1 of the Dungeon)
 p - a +0 short sword {short}
   (You took it off a kobold on level 1 of the Dungeon)
 q - a +0 dagger {short}
   (You took it off a goblin on level 1 of the Dungeon)
 r - a +0 short sword {short}
   (You took it off a kobold on level 2 of the Dungeon)
 s - a +0 dagger {short}
   (You took it off a kobold on level 2 of the Dungeon)
 t - a +0 dagger {short}
   (You took it off a goblin on level 2 of the Dungeon)
 w - a +0 short sword {short}
   (You took it off a goblin on level 2 of the Dungeon)
 y - a +0 whip {mace}
   (You took it off a kobold on level 2 of the Dungeon)
 z - a +0 club {mace}
   (You found it on level 2 of the Dungeon)
 A - a +0 dagger {short}
   (You took it off a goblin on level 2 of the Dungeon)
 C - a +0 hunting sling {sling}
   (You took it off a goblin on level 2 of the Dungeon)
 D - a +0 club {mace}
   (You took it off a goblin on level 2 of the Dungeon)
Missiles
 f - 66 stones {throwing}
 k - 2 boomerangs {throwing}
Armour
 a - a +0 robe (worn)
Jewellery
 l - a +6 ring of intelligence (left hand)
   (You found it on level 1 of the Dungeon)
 u - a ring of poison resistance
   (You took it off a goblin on level 2 of the Dungeon)
Scrolls
 g - 2 scrolls of noise {unknown}
 j - a scroll of magic mapping {unknown}
 x - a scroll of fear {unknown}
Potions
 b - a potion of magic
 v - 3 potions of heal wounds {unknown}
 B - a potion of invisibility {unknown}

Dungeon Overview and Level Annotations

Branches:
Dungeon (2/15)

.........โ€
....#........
.######.###......#####.
##.##.##....#..# #.
#..###.#...###.# ##
###$ยง.#.#...# ... #
##.8.##.##...# ##.# #
#...#))#.#...# .# #
#.#.go8#.###..## # #
#....v.@..##..#
#.#..###..##..# #.#
.#..#..# ## # #...##
##.# .# #


You could see an orc (ally target) and a goblin.


Message History

Your magical contamination has completely faded away. ๐Ÿ˜Ž MP[+1]
B - a bubbling golden potion ๐Ÿ˜Ž MP[+2]
Your mp is fully restored (10).
C - a +0 hunting sling {sling};
D - a +0 club {mace} You see here a goblin corpse.
f - 66 stones {throwing} (gained 18)
v - 3 bubbling emerald potions (gained 1)
A hobgoblin comes into view.
A hobgoblin is nearby!
An orc comes into view. It is wielding a +0 hand axe.
A goblin comes into view. It is wielding a +0 club.
You conjure some foxfire!
The goblin shouts!
You hear a shout!
The orc shouts!
The hobgoblin barely misses you.
An orc comes into view. It is wielding a +1 whip of venom.
A hobgoblin comes into view.
The orc shouts! ๐Ÿ˜Ž MP[-1]
You lost 1 mp, and now have 9/10 mp.
There is not enough space to conjure foxfire!
There is not enough space to conjure foxfire!
Unknown command.
The foxfire hits the hobgoblin but does no damage.
An orc comes into view. It is wielding a +0 short sword.
The hobgoblin closely misses you.
You conjure some foxfire!
The hobgoblin hits you.
The foxfire hits the hobgoblin.
You kill the hobgoblin! ๐Ÿ˜• HP[-3] MP[-1]
You take 3 damage, and now have 23/26 hp.
You lost 1 mp, and now have 8/10 mp.
You conjure some foxfire!
The hobgoblin barely misses you. ๐Ÿ˜• MP[-1]
You lost 1 mp, and now have 7/10 mp.
You miscast Foxfire.
You are very lightly contaminated with residual magic.
Nothing appears to happen.
The foxfire hits the hobgoblin.
You kill the hobgoblin! ๐Ÿ˜• MP[-1]
You lost 1 mp, and now have 6/10 mp.
You conjure some foxfire!
The orc hits you with a +0 short sword. ๐Ÿ˜ฎ HP[-4] MP[-1]
You take 4 damage, and now have 19/26 hp.
You lost 1 mp, and now have 5/10 mp.
You are too injured to fight recklessly!
Casting: Foxfire (safe; 7% risk of failure)
Press: ? - help, Q - select action, (/) - cycle Dir - look around, f - activate
There is not enough space to conjure foxfire!
You hit the orc.
The foxfire hits the orc.
The foxfire hits the orc.
You kill the orc!
The orc hits you with a +0 hand axe.
Things that are here:
41 stones {throwing}; 4 gold pieces; ๐Ÿ˜ฎ HP[-3] MP[+1]
You take 3 damage, and now have 16/26 hp.
You see here a +0 short sword {short}.
You are too injured to fight recklessly!
Casting: Foxfire (safe; 7% risk of failure)
Press: ? - help, Q - select action, (/) - cycle Dir - look around, f - activate You conjure some foxfire!
The orc misses you.
The orc hits your foxfire with a +0 hand axe. ๐Ÿ˜ฎ MP[-1]
You lost 1 mp, and now have 5/10 mp.
Casting: Foxfire (safe; 7% risk of failure)
Press: ? - help, Q - select action, (/) - cycle Dir - look around, f - activate
There is not enough space to conjure foxfire!
You hit the orc. You kick the orc.
The foxfire hits the orc. x2
You kill the orc!
Casting: Foxfire (safe; 7% risk of failure)
Press: ? - help, Q - select action, (/) - cycle Dir - look around, f - activate You conjure some foxfire!
Your magical contamination has completely faded away. ๐Ÿ˜ฎ MP[-1]
You lost 1 mp, and now have 4/10 mp.
Things that are here:
a +0 hand axe {axe}; 41 stones {throwing}; 4 gold pieces The foxfire hits the orc.
You see here a +0 short sword {short}.
You see here a hobgoblin corpse. ๐Ÿ˜ฎ MP[+1]
The orc hits you with a +1 whip of venom.
* * * LOW HITPOINT WARNING * * *
You are poisoned. ๐Ÿ˜จ HP[-3]
You take 3 damage, and now have 13/26 hp.
Casting: Foxfire (safe; 7% risk of failure)
Press: ? - help, Q - select action, (/) - cycle Dir - look around, f - activate You conjure some foxfire!
You feel sick.
The orc hits you with a +1 whip of venom.
* * * LOW HITPOINT WARNING * * *
You are more poisoned. ๐Ÿ˜ฑ HP[-8] MP[-1]
You take 8 damage, and now have 5/26 hp.
MASSIVE DAMAGE!! (PAUSE)
You lost 1 mp, and now have 4/10 mp.
You die...

Skill      XL: |  1  2 |
---------------+-------+-----
Spellcasting   | 2 3 |  3.3
Dodging        | |  1.7
Stealth        | |  1.7
Conjurations   | |  0.8
Fire Magic     | |  2.6

Action                   || total
-------------------------++-------
Melee: Unarmed           ||    44
       Kick              ||     7
 Cast: Foxfire           ||    84
  Use: Potion            ||     2
 Stab: Sleeping          ||     1
Armor: Robe              ||     8
Dodge: Dodged            ||    45

Levels and vault maps discovered:
D:1:      saegor_arrival_simple_a, layout_basic, minmay_misc_feat_four_crosses
D:2:      layout_rooms, guppyfry_early_orc_mine

Notes
Turn   | Place    | Note
-------+----------+-------------------------------------------
     0 | D:1      | spaghetti the Demigod Fire Elementalist began the quest for
                  | the Orb.
     0 | D:1      | Reached XP level 1. HP: 14/14 MP: 5/5
     0 | D:1      | magus.rc [v1.9.6]
     9 | D:1      | You pick up a book of Touch and begin reading...
     9 | D:1      | You add the spells Static Discharge, Sticky Flame and
                  | Dispel Undead to your library.
    35 | D:1      | Reached skill level 2 in Spellcasting
   557 | D:1      | Reached XP level 2. HP: 16/20 MP: 4/8
   732 | D:1      | HP: 5/20 [endoplasm (3)]
   733 | D:1      | Gained mutation: Your spells are a little harder to cast,
                  | but a little more powerful. [potion of mutation]
   733 | D:1      | Gained mutation: You are weak. (Str -2) [potion of
                  | mutation]
   733 | D:1      | Gained mutation: You have large cloven feet. [potion of
                  | mutation]
   736 | D:1      | HP: 1/20 [frozen (2)]
  1612 | D:1      | Reached skill level 3 in Spellcasting
  1875 | D:2      | Reached XP level 3. HP: 19/26 MP: 0/10
  2154 | D:2      | HP: 5/26 [orc/+1 whip of venom (6)]
  2155 | D:2      | Succumbed to an orc's poison

Vanquished Creatures
  2 orcs (D:2)
  A ball python (D:1)
  2 bats (D:1)
  2 endoplasms (D:1)
  9 hobgoblins
  4 quokkas
  3 frilled lizards (D:1)
  9 goblins
  6 kobolds
  A rat (D:2)
39 creatures vanquished.

Vanquished Creatures (others)
  138 foxfires
138 creatures vanquished.

Grand Total: 177 creatures vanquished

Table legend:
 A = Non-vault XP
 B = Vault XP
 C = Vault XP percentage of total XP
 D = Non-vault monster count
 E = Vault monster count
 F = Vault count percentage of total count
                 A         B        C        D         E       F
            +---------+---------+-------+---------+---------+-------
      Total |      56 |      11 |  16.4 |      34 |       5 |  12.8
            +---------+---------+-------+---------+---------+-------
        D:1 |      40 |       0 |   0.0 |      24 |       0 |   0.0
        D:2 |      16 |      11 |  40.7 |      10 |       5 |  33.3
            +---------+---------+-------+---------+---------+-------

Illustrated notes

Table legend:
 A = Kills in this place as a percentage of kills in entire the game.
 B = Kills by you in this place as a percentage of kills by you in the entire game.
 C = Kills by friends in this place as a percentage of kills by friends in the entire game.
 D = Other kills in this place as a percentage of other kills in the entire game.
 E = Experience gained in this place as a percentage of experience gained in the entire game.
 F = Experience gained in this place divided by the number of levels of this place that you have seen.
                   A       B       C       D       E      F
               +-------+-------+-------+-------+-------+----------------------
         Total | 100.0 | 100.0 |   N/A |   N/A | 100.0 |  33.5
       Dungeon | 100.0 | 100.0 |   N/A |   N/A | 100.0 |  33.5
               +-------+-------+-------+-------+-------+----------------------

Table legend: (Time is in decaauts)
 A = Elapsed time spent in this place.
 B = Non-inter-level travel time spent in this place.
 C = Inter-level travel time spent in this place.
 D = Time resting spent in this place.
 E = Time spent auto-exploring this place.
 F = Levels seen in this place.
 G = Mean time per level.
                   A        B        C        D        E       F      G
               +--------+--------+--------+--------+--------+-----+--------+
         Total |   2154 |   2129 |     25 |    424 |   1412 |   2 | 1077.0 |
       Dungeon |   2154 |   2129 |     25 |    424 |   1412 |   2 | 1077.0 |
               +--------+--------+--------+--------+--------+-----+--------+

Top non-repeatable levels by time:
     D:1: 1789 daAuts
     D:2: 364 daAuts
